cohdb
Replays
Latest Replays
All Replays
Popular Replays
Top Player Replays
Match Explorer
How It Works
Community
CoH3 Stats
Reddit
Sign in to upload your games and track your stats! →
Sign in with Steam
Match 40140879
Unlisted
Match 40140879
Overview
Messages
Build Orders
End
Royal Engineer Section
Construct Section Command Post
Vickers Machine Gun Team
Selects Canadian Shock Battlegroup
Infantry Section
Construct Platoon Command Post
Humber Armored Car
Selects Attacking Spirit
Selects Canadian Shock Section
Canadian Shock Section
Construct Field Infirmary
6-pounder Anti-tank Gun Team
Construct Company Command Post
Crusader II Medium Tank
Selects Incendiary Munitions
Selects Pyrotechnics
Samson (MykillJackson)
EisregenKubus0
ChunKee
Three Legged Workhorse
Vodyani "USF" Fox
Teh_Masterer of Pwnage
0
0
Comments
sign in to comment!
No comments posted yet!